 Dungeon Crawl Stone Soup version 0.31-a0-1338-gb567cfdca4 (webtiles) character file.

Game seed: 4569279568101482478

4 Curundu the Slasher (level 1, 0/20 HPs)
             Began as a Minotaur Berserker on Dec 22, 2023.
             Was a Follower of Trog.
             Slain by a kobold
             ... wielding a +0 club
              (2 damage)
             ... on level 1 of the Dungeon.
             The game lasted 00:00:18 (108 turns).

Curundu the Slasher (Minotaur Berserker)             Turns: 108, Time: 00:00:19

Health: 0/20       AC:  2    Str: 21    XL:     1   Next: 50%
Magic:  0/0        EV: 12    Int:  4    God:    Trog [*.....]
Gold:   27         SH:  0    Dex:  9    Spells: 0/0 levels left

rFire   . . .        a - +0 falchion
rCold   . . .        (no shield)
rNeg    . . .        b - +0 animal skin
rPois   .            (helmet restricted)
rElec   .            (no cloak)
rCorr   .            (no gloves)
SInv    .            (no boots)
Will    .....        (no amulet)
Stlth   +            (no ring)
HPRegen 0.23/turn    (no ring)
MPRegen 0.07/turn

%: no passive effects
@: no status effects
A: horns 2, retaliatory headbutt
a: Renounce Religion, Berserk


You were on level 1 of the Dungeon.
You worshipped Trog.
Trog was aware of your devotion.
You visited 1 branch of the dungeon, and saw 1 of its levels.

You collected 27 gold pieces.

Inventory:

Hand Weapons
 a - a +0 falchion (weapon)
Armour
 b - a +0 animal skin (worn)


   Skills:
 + Level 3.7 Fighting
 + Level 3.8 Long Blades
 + Level 2.4 Armour
 + Level 2.2 Dodging


You couldn't memorise any spells.
You didn't know any spells.
Your spell library was empty.

Dungeon Overview and Level Annotations

Branches:
Dungeon (1/15)

Altars:


Innate Abilities, Weirdness & Mutations

You have a pair of horns on your head.
You reflexively headbutt those who attack you in melee.


Message History

You kill the jackal!
Trog accepts your kill.
A jackal comes into view.
The jackal closely misses you. The kobold hits you but does no damage.
A jackal comes into view.
The jackal bites you. The kobold hits you but does no damage.
You closely miss the jackal.
The jackal barks!
Your headbutt misses the jackal.
The jackal is moderately wounded.
You hear an angry hiss.
The jackal bites you. The kobold barely misses you.
You completely miss the jackal.
The jackal is moderately wounded.
The jackal barely misses you.
A ball python comes into view.
The kobold completely misses you.
The jackal bites you but does no damage.
You hit the jackal.
The jackal is heavily wounded.
The jackal bites you. The kobold hits you but does no damage.
You barely miss the jackal.
The jackal is heavily wounded.
The jackal bites you. The kobold hits you but does no damage.
The jackal closely misses you. x2
You hit the jackal but do no damage. Your headbutt misses the jackal.
The jackal is heavily wounded.
The jackal bites you.
The jackal bites you but does no damage.
The kobold hits you with a +0 club.
You closely miss the jackal. You headbutt the jackal.
Your punch misses the jackal.
The jackal is severely wounded.
The jackal bites you.
* * * LOW HITPOINT WARNING * * *
The jackal bites you but does no damage.
The jackal bites you.
* * * LOW HITPOINT WARNING * * *
The kobold hits you with a +0 club.
You die...

.# ##.# .# #..##.#
....... ##S...
##...## #
#########Kh$..#.#
#.......h@h.....#
#.#######†....#.#
#.########...##
#.##........##
#.#####.##.#####..#
#..........# #.^#
#######....# #....
### ###.##.# #.####
#.###.#.##.#####.#


You could see 3 jackals, a ball python and a kobold.

Vanquished Creatures
  2 jackals (D:1)
  A frilled lizard (D:1)
  A rat (D:1)
4 creatures vanquished.

Notes
Turn   | Place    | Note
-------+----------+-------------------------------------------
     0 | D:1      | Curundu the Minotaur Berserker began the quest for the Orb.
     0 | D:1      | Reached XP level 1. HP: 19/19 MP: 0/0
    64 | D:1      | Found a faded altar of an unknown god.
   108 | D:1      | Slain by a kobold

Illustrated notes

Levels and vault maps discovered:
D:1:      roderic_chinese_lattice_arrival, layout_loops_ring,
          shapermc_ecumenical_altar_notcrosses, minmay_heptomino_o4

Action                     || total
---------------------------++-------
  Melee: Falchion          ||    14
         Headbutt          ||     2
 Armour: Animal skin       ||    18
  Dodge: Dodged            ||    10

Table legend: (Time is in decaauts)
 A = Elapsed time spent in this place.
 B = Non-inter-level travel time spent in this place.
 C = Inter-level travel time spent in this place.
 D = Time resting spent in this place.
 E = Time spent auto-exploring this place.
 F = Levels seen in this place.
 G = Mean time per level.
                   A        B        C        D        E       F      G
               +--------+--------+--------+--------+--------+-----+--------+
         Total |    109 |    109 |      0 |      0 |     83 |   1 |  109.0 |
       Dungeon |    109 |    109 |      0 |      0 |     83 |   1 |  109.0 |
               +--------+--------+--------+--------+--------+-----+--------+

Top non-repeatable levels by time:
     D:1: 109 daAuts
